 Dungeon Crawl Stone Soup version 0.23.2-33-g5129a83184 (webtiles) character file.

Game seed: 4833200768700504009

133 FishyPogo the Skirmisher (level 5, 0/69 HPs)
             Began as a Hill Orc Berserker on July 26, 2019.
             Was a Priest of Trog.
             Slain by an adder (2 damage)
             ... on level 3 of the Dungeon.
             The game lasted 00:11:13 (1916 turns).

FishyPogo the Skirmisher (Hill Orc Berserker)       Turns: 1916, Time: 00:11:14

Health: 0/69       AC:  6    Str: 25    XL:     5   Next: 16%
Magic:  5/5        EV: 12    Int:  7    God:    Trog [***...]
Gold:   67         SH:  0    Dex: 11    Spells: 4/4 levels left

rFire    . . .     SeeInvis .   a - +0 falchion
rCold    . . .     Gourm    .   (no shield)
rNeg     . . .     Faith    .   e - +0 ring mail
rPois    +         Spirit   .   f - +0 helmet
rElec    .         Reflect  .   (no cloak)
rCorr    .         Harm     .   (no gloves)
MR       .....                  (no boots)
Stlth    ..........             (no amulet)
HPRegen  0.21/turn              o - ring of poison resistance
MPRegen  0.09/turn              (no ring)

@: berserking, very quick
A: no striking features
a: Berserk, Trog's Hand, Renounce Religion


You were on level 3 of the Dungeon.
You worshipped Trog.
Trog was most pleased with you.
You were hungry.

You visited 1 branch of the dungeon, and saw 3 of its levels.

You collected 67 gold pieces.

Inventory:

Hand Weapons
 a - a +0 falchion (weapon)
 b - a +0 dagger of venom
Missiles
 j - 26 stones (quivered)
Armour
 d - a +0 chain mail
 e - a +0 ring mail (worn)
 f - a +0 helmet (worn)
 h - a +0 animal skin
Jewellery
 o - a ring of poison resistance (left hand)
Scrolls
 l - a scroll of enchant armour {unknown}
 n - a scroll of random uselessness {unknown}
Potions
 g - a potion of heal wounds
 i - 2 potions of curing
Comestibles
 c - 7 rations
 m - 4 chunks of flesh


   Skills:
 + Level 4.3 Fighting
 + Level 4.1 Long Blades
 + Level 1.0 Throwing
 + Level 3.1 Armour
 * Level 2.7 Dodging


You had 4 spell levels left.
You didn't know any spells.
Your spell library was empty.

Dungeon Overview and Level Annotations

Branches:
Dungeon (3/15)

Altars:


Message History

* * * LOW HITPOINT WARNING * * *
The gnoll misses you. The gnoll hits you but does no damage.
The adder bites you but does no damage.
You slash the gnoll!
You kill the gnoll!
Trog accepts your kill. The hobgoblin hits you with a +0 club.
* * * LOW HITPOINT WARNING * * *
The adder bites you but does no damage. The gnoll hits you but does no damage.
The gnoll hits you with a +0 spear.
* * * LOW HITPOINT WARNING * * *
You see here a +2 halberd of freezing.
You hit the gnoll.
The gnoll is heavily wounded.
The gnoll hits you from afar with a +0 spear.
* * * LOW HITPOINT WARNING * * *
The gnoll hits you with a +0 spear.
* * * LOW HITPOINT WARNING * * *
The adder bites you.
You die...

# ....... ## .
.!..... ..
.###....... .
.$..)..(.. #.
#.........
#.##g.....#
..###.g.†.$...#
......#@g.....# #.
#.....S.....# ...
###..#.......##
.).##...###...(.....
#.....###..#######.
....^......##
###.#g.....#
###...###.....#
###....## #..##.#


You could see 2 gnolls, an adder and a hobgoblin.

Vanquished Creatures
  3 adders
  2 gnolls (D:3)
  An ooze (D:2)
  5 worms (D:2)
  3 dart slugs
  A leopard gecko (D:2)
  A ball python (D:2)
  3 giant cockroaches
  5 goblins
  11 hobgoblins
  6 jackals (D:1)
  5 kobolds
  6 bats
  4 frilled lizards
  6 rats
62 creatures vanquished.

Notes
Turn   | Place    | Note
-------+----------+-------------------------------------------
     0 | D:1      | FishyPogo the Hill Orc Berserker began the quest for the
                  | Orb.
     0 | D:1      | Reached XP level 1. HP: 19/19 MP: 1/1
   287 | D:1      | Reached XP level 2. HP: 27/27 MP: 2/2
   392 | D:1      | Reached XP level 3. HP: 27/33 MP: 3/3
   486 | D:1      | Reached ** piety under Trog
  1149 | D:2      | Reached XP level 4. HP: 40/40 MP: 4/4
  1906 | D:3      | Reached skill level 1 in Throwing
  1906 | D:3      | Reached XP level 5. HP: 35/46 MP: 5/5
  1908 | D:3      | Reached *** piety under Trog
  1916 | D:3      | HP: 3/69 [gnoll/+0 spear (6)]
  1916 | D:3      | Slain by an adder

Skill      XL: |  1  2  3  4 |
---------------+-------------+-----
Dodging        | 2 |  2.7
Fighting       | 4 |  4.3
Long Blades    | 4 |  4.1
Armour         | 3 |  3.1
Throwing       | 1 |  1.0

Action                   |  1- 3 |  4- 6 || total
-------------------------+-------+-------++-------
Melee: Falchion          |   114 |    80 ||   194
Throw: Stone             |       |     1 ||     1
Invok: Berserk           |     4 |     1 ||     5
  Use: Scroll            |     2 |     1 ||     3
       Potion            |     2 |       ||     2
  Eat: Chunk             |     3 |     4 ||     7
Armor: Ring mail         |    65 |    35 ||   100
       Animal skin       |     4 |       ||     4
Dodge: Dodged            |    82 |    52 ||   134
       Rpst.: Falchion   |    26 |    14 ||    40
